Map: Acropolis LE

Players

Snute

  • Race: Zerg Zerg
  • Spawn Location: 5:00

Erik - Winner!

  • Race: Zerg Zerg
  • Spawn Location: 11:00

Event: 2019 WCS Summer

VOD

Have the link to the VOD?

Description

Time

  • Played on: July 12, 2019, 12:32 p.m.
  • Length: 22:10

All games in this series

Show
View Real Time Build Order
Export as new Build Order

Snute Zerg 

Build Orders: Hatch First, Lurkers 

Get SALT Encoding   

  12  0:00  Drone  
  13  0:12  Overlord  
  13  0:17  Drone  
  14  0:30  Drone x2  
  14  0:34  Drone  
  17  0:51  Hatchery  
  17  0:54  Drone  
  17  0:57  Drone  
  18  1:00  Extractor  
  17  1:12  Spawning Pool  
  17  1:15  Drone  
  17  1:18  Drone  
  18  1:28  Drone  
  19  1:38  Overlord  
  19  1:49  Drone  
  20  1:58  Queen  
  20  2:00  Zergling x2  
  23  2:01  Metabolic Boost  
  23  2:03  Queen  
  23  2:05  Zergling x2  
  26  2:11  Zergling x2  
  26  2:14  Zergling x2  
  28  2:28  Zergling x2  
  28  2:35  Drone, Queen  
  30  2:40  Baneling Nest  
  30  2:42  Overlord  
  30  2:43  Drone  
  30  2:48  Drone  
  30  2:49  Drone  
  32  2:55  Overlord  
  32  2:58  Drone  
  32  3:04  Drone  
  34  3:07  Drone  
  34  3:08  Drone  
  34  3:12  Drone x2  
  38  3:19  Zergling x4  
  40  3:25  Baneling x2  
  43  3:27  Zergling x6  
  41  3:39  Drone x4  
  41  3:40  Drone  
  41  3:43  Drone  
  41  3:46  Baneling x2  
  41  3:49  Drone  
  41  3:52  Drone x2  
  41  3:55  Drone  
  45  3:58  Zergling x2  
  45  4:10  Hatchery, Extractor  
  45  4:15  Evolution Chamber  
  42  4:19  Drone, Roach Warren  
  42  4:21  Drone  
  42  4:23  Drone  
  45  4:24  Drone  
  45  4:25  Drone  
  45  4:28  Drone  
  45  4:30  Drone  
  48  4:32  Drone x2  
  48  4:34  Drone  
  48  4:37  Extractor  
  50  4:41  Overlord  
  50  4:48  Baneling x2  
  50  4:53  Zerg Missile Weapons Level 1  
  50  4:55  Overlord x2  
  50  4:58  Zergling x2  
  51  5:04  Roach x4  
  58  5:09  Lair  
  58  5:11  Drone  
  59  5:16  Drone x4  
  59  5:17  Drone  
  64  5:22  Drone x2  
  64  5:24  Drone x2  
  68  5:34  Roach x2  
  68  5:35  Overlord  
  72  5:43  Roach  
  72  5:47  Roach x4  
  81  5:55  Roach x2  
  85  5:57  Roach x2  
  85  6:02  Overlord  
  89  6:05  Ravager  
  89  6:06  Overlord  
  89  6:09  Spine Crawler  
  89  6:11  Ravager  
  90  6:16  Glial Reconstitution  
  89  6:18  Overlord  
  89  6:22  Roach x2  
  92  6:31  Roach x4  
  92  6:35  Extractor  
  92  6:36  Roach  
  92  6:37  Drone x9  
  94  6:44  Drone x3  
  94  6:46  Extractor  
  94  6:52  Roach x4  
  102  7:00  Roach x4  
  102  7:01  Overlord  
  110  7:03  Overlord  
  110  7:04  Overlord  
  110  7:12  Overlord, Zerg Missile Weapons Level 2  
  110  7:22  Roach x4  
  118  7:36  Queen  
  120  7:39  Hatchery  
  120  7:41  Queen  
  114  7:47  Roach x8  
  114  7:50  Drone x2  
  114  7:51  Drone  
  125  7:57  Ravager  
  126  7:59  Pneumatized Carapace  
  126  8:01  Roach x3  
  126  8:02  Roach  
  134  8:09  Roach x3  
  134  8:10  Roach  
  142  8:16  Roach x2  
  146  8:24  Overlord  
  146  8:25  Overlord  
  146  8:27  Overseer  
  146  8:34  Overlord  
  147  8:42  Queen  
  147  8:43  Overlord x2  
  147  8:44  Roach x2  
  147  8:46  Ravager  
  154  8:51  Hatchery  
  154  8:53  Roach x3  
  154  8:54  Extractor, Roach  
  160  9:03  Roach x8  
  160  9:05  Ravager  
  176  9:11  Roach  
  171  9:26  Roach x3  
  177  9:36  Overlord x3  
  177  9:37  Overlord  
  177  9:39  Ravager  
  177  9:40  Zerg Ground Armor Level 1  
  178  9:55  Overseer  
  178  9:57  Roach x11  
  200  10:02  Spine Crawler  
  185  10:31  Overseer, Queen  
  185  10:32  Queen x3  
  185  10:33  Roach x7  
  194  10:41  Drone x9  
  191  10:44  Spore Crawler  
  184  10:52  Roach x3  
  179  11:01  Roach x2  
  179  11:02  Ravager x2  
  179  11:03  Ravager  
  184  11:07  Queen x3  
  184  11:09  Spore Crawler  
  189  11:13  Ravager x2  
  191  11:18  Overlord  
  191  11:19  Overlord  
  191  11:28  Overlord x2  
  191  11:32  Hydralisk Den  
  184  11:46  Drone x7, Nydus Network  
  190  11:51  Drone x8  
  198  12:08  Lurker Den  
  190  12:25  Roach x7  
  192  12:33  Roach x2  
  182  12:40  Nydus Canal  
  182  12:42  Roach  
  176  12:45  Queen x2  
  176  12:47  Roach  
  176  12:49  Roach  
  176  12:53  Roach  
  176  12:56  Queen x2  
  182  13:03  Drone x14  
  182  13:04  Extractor  
  186  13:12  Drone  
  186  13:13  Drone x5  
  189  13:20  Queen  
  191  13:28  Hydralisk x3, Spore Crawler  
  191  13:32  Nydus Canal  
  196  13:36  Hydralisk x2  
  200  13:45  Queen, Spore Crawler  
  200  13:46  Spore Crawler  
  198  13:50  Hydralisk  
  191  13:56  Grooved Spines  
  191  14:04  Lurker x4  
  192  14:22  Zerg Ground Armor Level 2  
  192  14:29  Hatchery, Overlord  
  191  14:41  Hatchery  
  191  14:54  Hatchery  
  181  15:04  Hydralisk x3  
  181  15:05  Hydralisk x3  
  182  15:12  Roach x6  
  179  15:16  Hydralisk  
  150  15:41  Hatchery  
  149  15:44  Lurker x2  
  149  15:45  Lurker x2  
  149  15:47  Nydus Canal  
  153  15:52  Hydralisk x2  
  157  16:01  Roach x4  
  163  16:07  Hydralisk  
  163  16:12  Roach  
  165  16:30  Hydralisk x4  
  173  16:38  Hatchery  
  172  16:43  Roach x4  
  180  16:49  Muscular Augments  
  180  16:58  Hydralisk x2  
  184  17:08  Lair  
  185  17:25  Hydralisk x2  
  185  17:26  Hydralisk x4  
  197  17:38  Hatchery  
  196  17:45  Drone x3  
  196  17:46  Drone  
  196  17:48  Spore Crawler  
  199  18:06  Infestation Pit  
  199  18:12  Lurker x3  
  195  18:21  Lurker x3  
  195  18:22  Lurker x2  
  165  18:38  Hydralisk x6  
  152  18:46  Hydralisk x3  
  147  18:55  Ravager x2  
  149  18:56  Ravager  
  150  19:05  Hive  
  150  19:08  Ravager  
  150  19:09  Ravager x3  
  154  19:14  Roach  
  153  19:24  Roach x2  
  157  19:32  Overseer  
  157  19:36  Hydralisk  
  159  19:40  Ravager x5  
  164  19:45  Overseer  
  164  19:50  Extractor  
  163  19:56  Hydralisk x2, Ravager  
  163  19:59  Overseer  
  167  20:00  Overseer  
  147  20:16  Roach x5  
  143  20:29  Hydralisk x2  
  143  20:30  Hydralisk x2  
  143  20:37  Hydralisk x2  
  135  20:43  Hydralisk  
  137  20:57  Hydralisk x4  
  145  21:05  Hydralisk  
  143  21:22  Viper  
  146  21:33  Hatchery  
  145  21:58  Hatchery  
Show
View Real Time Build Order
Export as new Build Order

Erik Zerg - Winner!

Build Orders: Pool First 

Get SALT Encoding   

  12  0:01  Drone  
  13  0:08  Drone  
  14  0:15  Drone, Extractor  
  15  0:22  Overlord  
  15  0:36  Spawning Pool  
  15  0:40  Drone  
  15  0:44  Drone  
  15  0:47  Drone  
  17  0:50  Extractor  
  17  0:55  Drone  
  17  1:14  Hatchery  
  16  1:23  Zergling x4  
  18  1:27  Zergling x2  
  19  1:36  Queen  
  21  1:45  Overlord  
  21  1:52  Metabolic Boost  
  21  1:56  Drone  
  22  2:03  Drone  
  23  2:10  Drone  
  23  2:12  Queen  
  26  2:20  Drone  
  27  2:30  Drone  
  26  2:39  Zergling x4  
  28  2:45  Zergling x8  
  28  2:48  Zergling x2  
  33  2:56  Overlord  
  33  2:57  Queen  
  35  3:14  Drone x2  
  35  3:15  Drone  
  38  3:22  Drone x2  
  38  3:23  Drone x3  
  43  3:27  Overlord  
  43  3:32  Drone  
  43  3:37  Drone x2  
  43  3:44  Evolution Chamber  
  43  3:47  Drone x2  
  41  3:52  Extractor  
  41  3:54  Lair  
  41  3:55  Drone x5  
  43  4:05  Drone x2, Roach Warren  
  44  4:11  Zerg Missile Weapons Level 1  
  44  4:16  Extractor  
  43  4:19  Zergling x8  
  43  4:24  Drone x3  
  49  4:25  Zergling x2  
  49  4:27  Overlord  
  51  4:33  Drone  
  52  4:43  Hatchery  
  51  4:46  Overlord  
  51  4:50  Drone  
  52  4:54  Glial Reconstitution  
  51  5:05  Roach  
  51  5:06  Roach x4  
  60  5:07  Overlord  
  59  5:19  Overlord  
  59  5:27  Roach x4  
  67  5:34  Overlord  
  66  5:39  Roach x5  
  76  5:44  Pneumatized Carapace, Overlord  
  76  5:55  Roach x4  
  83  5:58  Drone  
  83  5:59  Drone  
  83  6:00  Drone x2  
  87  6:04  Drone  
  87  6:06  Zerg Missile Weapons Level 2  
  87  6:10  Drone x5  
  92  6:24  Overlord  
  92  6:25  Roach x3  
  98  6:31  Roach x3  
  98  6:32  Roach  
  96  6:36  Roach x3  
  96  6:44  Drone x3  
  97  6:47  Extractor  
  97  6:52  Roach x5  
  106  7:02  Overlord x2  
  106  7:04  Overseer  
  106  7:10  Overlord x3  
  106  7:15  Overlord  
  106  7:16  Extractor  
  106  7:19  Drone  
  106  7:21  Overlord  
  106  7:25  Overlord  
  108  7:30  Roach x8  
  118  7:47  Roach x9  
  120  7:55  Drone x2  
  122  7:58  Roach x3  
  126  8:07  Ravager x3  
  126  8:09  Drone x3  
  132  8:20  Drone x4  
  132  8:25  Overlord, Spire  
  132  8:26  Extractor, Ravager  
  135  8:30  Hatchery, Overlord  
  135  8:32  Roach  
  135  8:33  Roach  
  134  8:42  Roach x5  
  144  8:53  Overlord  
  144  8:58  Overlord  
  144  9:00  Roach x7  
  156  9:10  Roach x4  
  156  9:26  Roach x4  
  156  9:27  Roach x4  
  172  9:36  Overlord x2  
  172  9:42  Mutalisk x4  
  180  9:55  Mutalisk x3  
  186  10:05  Mutalisk x2  
  190  10:08  Queen  
  174  10:28  Roach  
  174  10:29  Roach x13  
  196  10:53  Overlord  
  172  11:06  Ravager x2  
  172  11:08  Ravager  
  172  11:09  Roach  
  172  11:10  Hydralisk Den, Roach x11  
  198  11:26  Roach  
  200  11:38  Infestation Pit  
  185  12:06  Lurker Den  
  184  12:10  Overseer  
  180  12:16  Extractor  
  180  12:19  Extractor  
  172  12:28  Mutalisk x9  
  172  12:38  Roach x6  
  168  12:56  Roach  
  168  12:57  Roach x11  
  185  13:10  Lurker Den  
  185  13:11  Drone x2  
  187  13:13  Overlord  
  187  13:15  Roach x6  
  199  13:20  Zerg Flyer Weapons Level 1  
  199  13:31  Overlord  
  197  14:22  Hydralisk x3  
  197  14:23  Hydralisk x2  
  189  14:31  Hydralisk  
  189  14:32  Hydralisk x2  
  189  14:34  Hive  
  189  14:37  Drone x4  
  199  14:42  Ravager  
  200  14:46  Hatchery  
  166  15:09  Lurker x5  
  166  15:10  Lurker x3  
  162  15:14  Roach  
  162  15:15  Roach x18  
  200  15:23  Overlord x3  
  200  15:24  Overlord x4  
  182  15:35  Overlord x3  
  153  15:36  Overlord  
  153  15:39  Roach x7  
  153  15:41  Overseer  
  167  15:43  Overseer  
  167  15:51  Adaptive Talons  
  165  16:01  Roach x16  
  187  16:31  Overlord  
  187  16:34  Extractor  
  187  16:37  Extractor  
  187  16:38  Overseer x2  
  187  16:39  Viper x3  
  185  16:42  Overseer  
  194  16:51  Queen  
  196  16:59  Overlord  
  194  17:15  Spore Crawler  
  194  17:16  Drone x2, Spine Crawler x2  
  194  17:21  Roach x3  
  199  17:27  Zerg Missile Weapons Level 3  
  199  17:29  Evolution Chamber  
  198  17:58  Roach  
  200  18:10  Muscular Augments  
  157  18:35  Viper x3  
  157  18:39  Hydralisk x20  
  196  18:47  Hydralisk  
  196  18:48  Hydralisk  
  174  18:56  Drone x6  
  174  18:59  Drone  
  174  19:01  Drone  
  182  19:06  Viper  
  185  19:13  Overseer, Lurker  
  186  19:17  Hydralisk  
  186  19:18  Hydralisk x2  
  186  19:22  Grooved Spines  
  189  19:42  Hydralisk x5  
  191  20:16  Hydralisk x4  
  195  20:31  Lurker  
  195  20:32  Lurker x4  
  192  20:42  Hydralisk x9  
  190  21:24  Evolution Chamber  
  189  21:42  Hatchery  
Tags
 
Add a new tag
Caveats
  • Supply blocks, unpowered buildings, or Contaminate may cause inaccurate times.
  • Supply counts are checked every 10 seconds.